 Dungeon Crawl Stone Soup version 0.24.0-13-gcf9b3192b9 (webtiles) character file.

Game seed: 5565849059997699668, levelgen mode: deterministic

109 Matador8 the Ruffian (level 4, -1/38 HPs)
             Began as a Naga Transmuter on Nov 9, 2019.
             Slain by a goblin
             ... wielding a +0 dagger of venom
             ... led by Robin
              (2 damage)
             ... on level 3 of the Dungeon.
             The game lasted 00:12:34 (3474 turns).

Matador8 the Ruffian (Naga Transmuter)              Turns: 3474, Time: 00:12:35

Health: -1/38      AC:  2    Str:  9 (12) XL:     4   Next: 90%
Magic:  1/7        EV: 10    Int: 12 (15) God:
Gold:   123        SH:  0    Dex:  9 (11) Spells: 1/7 levels left

rFire    . . .     SeeInvis +     - Unarmed
rCold    . . .     Gourm    .   (no shield)
rNeg     . . .     Faith    .   b - +0 robe
rPois    +         Spirit   .   (no helmet)
rElec    .         Reflect  .   (no cloak)
rCorr    .         Harm     .   (no gloves)
MR       .....                  (no barding)
Stlth    ++........             (no amulet)
HPRegen  0.12/turn              (no ring)
MPRegen  0.10/turn              (no ring)

@: lethally poisoned (-1 -> -6), very slightly contaminated, hasted, quick
A: large, see invisible, deformed body, poison resistance, slowness 2, slow
metabolism 1, spit poison 1, AC +1
a: Spit Poison


You were on level 3 of the Dungeon.
You were hungry.

You visited 1 branch of the dungeon, and saw 3 of its levels.

You collected 123 gold pieces.

Inventory:

Missiles
 a - 9 arrows
Armour
 b - a +0 robe (worn)
 g - a +0 helmet
Jewellery
 l - an uncursed amulet of magic regeneration {unknown}
Wands
 i - a wand of enslavement (10)
Scrolls
 c - a scroll of identify
 f - a scroll of enchant armour {unknown}
 k - a scroll of remove curse {unknown}
 m - a scroll of teleportation {unknown}
 n - 2 scrolls of immolation
 o - a scroll of fog {unknown}
 p - a scroll of amnesia {unknown}
 q - a scroll of blinking {unknown}
 r - a scroll of noise {unknown}
Potions
 e - a potion of curing
Comestibles
 d - 4 rations
 s - a chunk of flesh


   Skills:
 - Level 1.0 Fighting
 - Level 1.5 Dodging
 + Level 1.7 Stealth
 - Level 4.1 Unarmed Combat
 - Level 2.0 Spellcasting
 + Level 3.3 Transmutations
 * Level 2.0 Poison Magic


You had one spell level left.
You knew the following spells:

 Your Spells              Type           Power        Failure   Level  Hunger
a - Beastly Appendage     Tmut           #.....       7%          1    ##.....
b - Sticks to Snakes      Tmut           #.......     11%         2    ###....
c - Spider Form           Tmut/Pois      #.........   26%         3    ####...

Your spell library contained the following spells:

 Spells                   Type           Power        Failure   Level  Hunger
 Ice Form                 Ice/Tmut       #.......     80%         4    #####..
 Blade Hands              Tmut           #.........   88%         5    ######.


Dungeon Overview and Level Annotations

Branches:
Dungeon (3/15)

Altars:

Annotations:
D:3 Robin


Innate Abilities, Weirdness & Mutations

You cannot wear boots.
Your serpentine skin is tough. (AC +1)
You have supernaturally acute eyesight. (SInv)
Armour fits poorly on your strangely shaped body.
Your system is resistant to poisons. (rPois)
You cover ground very slowly.
You have a slow metabolism.
You can spit poison.


Message History

You feel weakened.
You feel dopey.
You feel clumsy.
You have got your breath back.
The goblin hits you with a +0 dagger. The goblin hits you but does no damage.
It was a potion of haste.
You feel yourself speed up. The goblin misses you.
The goblin hits you with a +0 dagger.
Robin hits you from afar with a +0 spear.
* * * LOW HITPOINT WARNING * * *
The goblin hits you with a +0 dagger of venom.
* * * LOW HITPOINT WARNING * * *
You are poisoned.
As you read the scroll labeled INEOCA HEDDOA, it crumbles to dust.
It is a scroll of identify.
n - 2 scrolls of immolation You feel sick.
The goblin barely misses you. The goblin hits you with a +0 club.
* * * LOW HITPOINT WARNING * * *
Robin throws the goblin at you!
* * * LOW HITPOINT WARNING * * *
The goblin hits you with a +0 dagger of venom.
You die...

.#.## ###+###
#.###### ##...##
.....[.# ##.....##
#.##.#.# ##.......##
#.#....###.........#
......)..'.........+
.......###..รท......#
...#.#.# ##....ggg##
##.###.# ##...g@##
#.# #.# ##...## ...
..# ##g## #.# ### #)#
#.. #.# ##g##
##g..#######
#...?.......
..g.......#####


You could see Robin and 4 goblins.

Vanquished Creatures
  A gnoll (D:1)
  2 adders (D:2)
  2 worms (D:2)
  A dart slug (D:2)
  2 leopard geckos
  A ball python (D:3)
  2 giant cockroaches (D:1)
  7 goblins
  8 hobgoblins
  2 jackals (D:1)
  7 kobolds
  A quokka (D:3)
  7 bats
  4 frilled lizards
  4 rats
51 creatures vanquished.

Vanquished Creatures (collateral kills)
  2 adders (D:3)
  A worm (D:2)
  A giant cockroach (D:3)
  4 goblins (D:3)
  A hobgoblin (D:3)
  A quokka (D:3)
10 creatures vanquished.

Grand Total: 61 creatures vanquished

Notes
Turn   | Place    | Note
-------+----------+-------------------------------------------
     0 | D:1      | Matador8 the Naga Transmuter began the quest for the Orb.
     0 | D:1      | Reached XP level 1. HP: 18/18 MP: 3/3
   196 | D:1      | Reached XP level 2. HP: 2/25 MP: 3/5
  1064 | D:1      | Learned a level 2 spell: Sticks to Snakes
  1149 | D:1      | Reached XP level 3. HP: 20/31 MP: 1/6
  1260 | D:1      | Reached skill level 4 in Unarmed Combat
  1604 | D:2      | Learned a level 3 spell: Spider Form
  1656 | D:2      | Reached skill level 1 in Stealth
  1889 | D:2      | Reached skill level 1 in Poison Magic
  1889 | D:2      | Reached XP level 4. HP: 38/38 MP: 5/7
  3438 | D:3      | Identified the +0 helmet of Springtime {+Blink rC+}
  3438 | D:3      | Noticed Robin
  3474 | D:3      | HP: 1/38 [Robin/goblin (1)]
  3474 | D:3      | Slain by a goblin

Levels and vault maps discovered:
D:1:      matt_arrival_grand_opening, layout_basic, dk_noncrumbling_4
D:2:      layout_basic, kennysheep_nondescript
D:3:      layout_loops_corners, uniq_robin

Skill      XL: |  1  2  3  4 |
---------------+-------------+-----
Unarmed Combat | 4 |  4.1
Stealth        | 1 |  1.7
Poison Magic   | 1 2 |  2.0
Transmutations | 3 |  3.3
Fighting       | |  1.0
Dodging        | |  1.5
Spellcasting   | |  2.0

Action                   |  1- 3 |  4- 6 || total
-------------------------+-------+-------++-------
Melee: Unarmed           |    98 |    54 ||   152
       Headbutt          |     6 |     2 ||     8
 Cast: Beastly Appendage |    18 |    10 ||    28
       Sticks to Snakes  |     2 |    13 ||    15
 Abil: Spit Poison       |     3 |     9 ||    12
  Use: Potion            |       |     3 ||     3
       Scroll            |       |     1 ||     1
 Stab: Sleeping          |     1 |       ||     1
  Eat: Chunk             |     3 |     5 ||     8
Armor: Robe              |    28 |     7 ||    35
Dodge: Dodged            |    64 |    44 ||   108
